 Dungeon Crawl Stone Soup version 0.15-a0-1950-gbc841a2 (webtiles) character file.

27 Quh the Magician (level 2, 0/19 HPs)
             Began as a Demonspawn Wizard on July 9, 2014.
             Succumbed to an adder's poison
             ... on Level 2 of the Dungeon.
             The game lasted 00:04:24 (1422 turns).

Quh the Magician (Demonspawn Wizard)                Turns: 1422, Time: 00:04:24

HP   0/19        AC  2     Str  7      XL: 2   Next: 93%
MP   1/6         EV 12     Int 19      God:
Gold 31          SH  0     Dex 11      Spells:  4 memorised,  0 levels left

rFire  . . .     SeeInvis .     p - +0 short sword
rCold  . . .     Clarity  .     a - +0 robe
rNeg   . . .     rCorr    .     (no shield)
rPois  .         rRot     .     b - +0 hat
rElec  .         Spirit   .     (no cloak)
SustAb .         Warding  .     r - -1 pair of gloves (curse)
rMut   .         Stasis   .     (no boots)
Gourm  .                        (no amulet)
MR     .....                    (no ring)
                                (no ring)

@: lethally poisoned, very slightly contaminated, not resistant to hostile
enchantments, unstealthy
A: nightstalker 1
a: no special abilities


You were on level 2 of the Dungeon.
You were very hungry.

You visited 1 branch of the dungeon, and saw 2 of its levels.

You collected 31 gold pieces.

Inventory:

Hand weapons
 h - a +0 whip
 j - a +0 dagger
 p - a +0 short sword (weapon)
Missiles
 e - 70 stones (quivered)
 g - 25 arrows
 l - 16 arrows of frost
Armour
 a - a +0 robe (worn)
 b - a +0 hat (worn)
 m - a +0 buckler
 q - a cursed +0 shield
 r - a cursed -1 pair of gloves (worn)
Comestibles
 d - a bread ration
 f - a slice of pizza
 o - a beef jerky
Potions
 i - 3 potions of invisibility {unknown}
 k - a potion of might {unknown}
 n - a potion of curing {unknown}
Books
 c - a book of Minor Magic

   Spells                             Type                      Level
   *Magic Dart                        Conjuration                  1
   *Blink                             Translocation                2
   *Call Imp                          Summoning                    2
   *Repel Missiles                    Charms/Air                   2
   Slow                               Hexes                        2
   Conjure Flame                      Conjuration/Fire             3
   Mephitic Cloud                     Conjuration/Poison/Air       3


   Skills:
 - Level 1.7 Dodging
 - Level 1.7 Stealth
 - Level 3.1 Spellcasting
 * Level 2.2 Conjurations
 * Level 0.5 Charms
 * Level 1.3 Summonings
 * Level 1.1 Translocations


You couldn't memorise any spells.
You knew the following spells:

 Your Spells              Type           Power        Failure   Level  Hunger
a - Magic Dart            Conj           ##..         10%         1    None
b - Blink                 Tloc           N/A          17%         2    ##.....
c - Call Imp              Summ           #.......     14%         2    ##.....
d - Repel Missiles        Chrm/Air       #.....       21%         2    ##.....


Dungeon Overview and Level Annotations

Branches:
Dungeon (2/15)

Altars:


Innate Abilities, Weirdness & Mutations

You are slightly more attuned to the shadows.


Message History

The adder is severely wounded.
You feel sick. The adder bites you. The adder closely misses you.
You closely miss the adder.
The adder is severely wounded.
* * * LOW HITPOINT WARNING * * *
You feel sick. The adder misses you.
You barely miss the adder.
The adder is severely wounded.
* * * LOW HITPOINT WARNING * * *
You feel sick. The adder bites you.
* * * LOW HITPOINT WARNING * * *
You are more poisoned.
The adder poisons you!
Unknown command.
You hit the adder.
You kill the adder!
Your Translocations skill increases to level 1!
* * * LOW HITPOINT WARNING * * *
You feel sick.
You die...

. ### ##. .
...##.. ...
#..#.####..#.
#...#....>...
###..##@#
#.....$.##
#........#
#.<#.....#
#......#.....#
#...####.......
##. #.....## .
#.....# #....


There were no monsters in sight!

Vanquished Creatures
  An adder (D:2)
  A worm (D:1)
  4 bats (D:1)
  A goblin (D:1)
  3 hobgoblins (D:1)
  4 kobolds (D:1)
  A rat (D:1)
15 creatures vanquished.

Notes
Turn   | Place    | Note
--------------------------------------------------------------
     0 | D:1      | Quh, the Demonspawn Wizard, began the quest for the Orb.
     0 | D:1      | Reached XP level 1. HP: 13/13 MP: 4/4
   725 | D:1      | Gained mutation: You are slightly more attuned to the shadows. [demonic ancestry]
   725 | D:1      | Reached XP level 2. HP: 2/19 MP: 0/6
   997 | D:1      | Learned a level 2 spell: Blink
  1000 | D:1      | Learned a level 2 spell: Call Imp
  1003 | D:1      | Learned a level 2 spell: Repel Missiles
  1421 | D:2      | Reached skill level 1 in Translocations
  1422 | D:2      | Succumbed to an adder's poison

Action                   || total
-------------------------++-------
Melee: Short sword       ||    17
       Whip              ||     3
       Dagger            ||     1
Throw: Stone             ||     4
 Cast: Magic Dart        ||    32
       Call Imp          ||     1
  Use: Scroll            ||     1
